SL
NORTHERN VIRGINIA RETRIEVERS @ CAPITAL DISTRICT RED KNIGHTS
06/24/2022
 
TOP OF THE 1ST
Northern Virginia Retrievers batting - Pitching for Capital District Red Knights : LHP Marcelino Freschi
Pitching: LHP Marcelino Freschi
Batting: RHB Luis Rodríguez 0-0: Foul Ball, location: 2F
0-1: Foul Ball, location: 2F
0-2: Ball
1-2: Ball
2-2: Foul Ball, location: 2F
2-2: Ground out 6-3 (Groundball, 6M)
Batting: RHB Bob Heller 0-0: Called Strike
0-1: Foul Ball, location: 2F
0-2: Ball
1-2: Ball
2-2: Ground out 6-3 (Groundball, 6)
Batting: SHB Ramiro Salazar 0-0: Called Strike
0-1: SOLO HOME RUN (Flyball, 7D), Distance : 351 ft
Batting: RHB Aurelio Vázquez 0-0: Fly out, F9 (Flyball, 9M)
Top of the 1st over - 1 run(s), 1 hit(s), 0 error(s), 0 left on base; Northern Virginia 1 - Capital District 0
BOTTOM OF THE 1ST
Capital District Red Knights batting - Pitching for Northern Virginia Retrievers : RHP Lou Hartling
Pitching: RHP Lou Hartling
Batting: LHB Leonardo López 0-0: Called Strike
0-1: Fly out, F5 (Line Drive, 56)
Batting: SHB Joreão Canosa 0-0: Ball
1-0: Ground out U3 (Groundball, 3)
Batting: RHB Daniel Lallanilla 0-0: Swinging Strike
0-1: Fly out, F9 (Flyball, 89S)
Bottom of the 1st over - 0 run(s), 0 hit(s), 0 error(s), 0 left on base; Northern Virginia 1 - Capital District 0
TOP OF THE 2ND
Northern Virginia Retrievers batting - Pitching for Capital District Red Knights : LHP Marcelino Freschi
Batting: LHB Bartolo Benítez 0-0: SINGLE (Groundball, 4MD)
Batting: RHB Gil Moore 0-0: Ball
1-0: Grounds into double play, 6-4-3 (Groundball, 6)
Batting: RHB Eddie O'Bryan 0-0: Called Strike
0-1: Ball
1-1: Ball
2-1: Swinging Strike
2-2: Reached on error, E5 (Groundball, 5)
Batting: SHB Gustavo Fuentes 0-0: Ball
1-0: Reached on error, E5 (Groundball, 15S)
Eddie O'Bryan to second
Batting: RHB Brandon Reed 0-0: Ground out 6-3 (Groundball, 56)
Top of the 2nd over - 0 run(s), 1 hit(s), 2 error(s), 2 left on base; Northern Virginia 1 - Capital District 0
BOTTOM OF THE 2ND
Capital District Red Knights batting - Pitching for Northern Virginia Retrievers : RHP Lou Hartling
Batting: LHB Theodore Shaw 0-0: Foul Ball, location: 2F
0-1: Called Strike
0-2: Ball
1-2: Ball
2-2: Foul Ball, location: 2F
2-2: Ground out 4-3 (Groundball, 34)
Batting: RHB Lane Rich 0-0: Foul Ball, location: 2F
0-1: Swinging Strike
0-2: Foul Ball, location: 2F
0-2: Ball
1-2: SINGLE (Flyball, 7S)
Batting: RHB Louis Henderson 0-0: Called Strike
0-1: Called Strike
0-2: Foul Ball, location: 2F
0-2: Ball
1-2: Foul Ball, location: 2F
1-2: Strikes out swinging
Batting: LHB Stan Lewis 0-0: Called Strike
Lane Rich steals 2nd base
0-1: Ground out 4-3 (Groundball, 4)
Bottom of the 2nd over - 0 run(s), 1 hit(s), 0 error(s), 1 left on base; Northern Virginia 1 - Capital District 0
TOP OF THE 3RD
Northern Virginia Retrievers batting - Pitching for Capital District Red Knights : LHP Marcelino Freschi
Batting: RHB Luis Rodríguez 0-0: SINGLE (Line Drive, 4M)
Batting: RHB Bob Heller 0-0: Swinging Strike
0-1: Ball
1-1: Foul Ball, location: 2F
1-2: DOUBLE (Line Drive, 5D)
Luis Rodríguez to third
Batting: SHB Ramiro Salazar 0-0: Foul Ball, location: 2F
0-1: Ball
1-1: 3-RUN HOME RUN (Flyball, 78XD), Distance : 378 ft
Batting: RHB Aurelio Vázquez 0-0: Ground out 5-3 (Groundball, 5S)
Batting: LHB Bartolo Benítez 0-0: Called Strike
0-1: Ground out 6-3 (Groundball, 6M)
Batting: RHB Gil Moore 0-0: Ball
1-0: Ground out 5-3 (Groundball, 5)
Top of the 3rd over - 3 run(s), 3 hit(s), 0 error(s), 0 left on base; Northern Virginia 4 - Capital District 0
BOTTOM OF THE 3RD
Capital District Red Knights batting - Pitching for Northern Virginia Retrievers : RHP Lou Hartling
Batting: RHB Manny Carbajal 0-0: Ball
1-0: Fly out, F4 (Popup, 34D)
Batting: RHB Tom Christensen 0-0: Called Strike
0-1: Foul Ball, location: 2F
0-2: Ball
1-2: Foul Ball, location: 2F
1-2: Ball
2-2: Strikes out swinging
Batting: LHB Leonardo López 0-0: Called Strike
0-1: SOLO HOME RUN (Line Drive, 89XD), Distance : 389 ft
Batting: SHB Joreão Canosa 0-0: Ground out 1-3 (Groundball, 13)
Bottom of the 3rd over - 1 run(s), 1 hit(s), 0 error(s), 0 left on base; Northern Virginia 4 - Capital District 1
TOP OF THE 4TH
Northern Virginia Retrievers batting - Pitching for Capital District Red Knights : LHP Marcelino Freschi
Batting: RHB Eddie O'Bryan 0-0: Fly out, F8 (Flyball, 8RM)
Batting: SHB Gustavo Fuentes 0-0: Ball
1-0: Called Strike
1-1: Swinging Strike
1-2: Ball
2-2: Foul Ball, location: 2F
2-2: Strikes out swinging
Batting: RHB Brandon Reed 0-0: SINGLE (Groundball, 6MD)
Batting: RHB Luis Rodríguez 0-0: Ground out 5-3 (Groundball, 5S)
Top of the 4th over - 0 run(s), 1 hit(s), 0 error(s), 1 left on base; Northern Virginia 4 - Capital District 1
BOTTOM OF THE 4TH
Capital District Red Knights batting - Pitching for Northern Virginia Retrievers : RHP Lou Hartling
Batting: RHB Daniel Lallanilla 0-0: Called Strike
0-1: Called Strike
0-2: Ball
1-2: Strikes out swinging
Batting: LHB Theodore Shaw 0-0: Called Strike
0-1: Ball
1-1: Swinging Strike
1-2: Foul Ball, location: 2F
1-2: Strikes out swinging
Batting: RHB Lane Rich 0-0: Foul Ball, location: 2F
0-1: Ball
1-1: Fly out, F3 (Popup, 34S)
Bottom of the 4th over - 0 run(s), 0 hit(s), 0 error(s), 0 left on base; Northern Virginia 4 - Capital District 1
TOP OF THE 5TH
Northern Virginia Retrievers batting - Pitching for Capital District Red Knights : LHP Marcelino Freschi
Batting: RHB Bob Heller 0-0: Ground out 5-3 (Groundball, 5)
Batting: SHB Ramiro Salazar 0-0: Ball
1-0: Ball
2-0: Foul Ball, location: 2F
2-1: Ball
3-1: Base on Balls
Batting: RHB Aurelio Vázquez 0-0: Ball
1-0: Called Strike
1-1: Ball
2-1: Ball
3-1: Base on Balls
Ramiro Salazar to second
Batting: LHB Bartolo Benítez 0-0: Called Strike
0-1: Ball
1-1: Ball
2-1: Called Strike
2-2: Ball
3-2: Foul Ball, location: 2F
3-2: Foul Ball, location: 2F
3-2: Foul Ball, location: 2F
3-2: Grounds into double play, 1-4-3 (Groundball, 15)
Top of the 5th over - 0 run(s), 0 hit(s), 0 error(s), 1 left on base; Northern Virginia 4 - Capital District 1
BOTTOM OF THE 5TH
Capital District Red Knights batting - Pitching for Northern Virginia Retrievers : RHP Lou Hartling
Batting: RHB Louis Henderson 0-0: Ball
1-0: Called Strike
1-1: Ground out 1-3 (Groundball, 23)
Batting: LHB Stan Lewis 0-0: SINGLE (Flyball, 7S)
Batting: RHB Manny Carbajal 0-0: Called Strike
0-1: Ball
1-1: Ball
2-1: Called Strike
2-2: Strikes out swinging
Batting: RHB Tom Christensen 0-0: Ball
1-0: Foul Ball, location: 2F
1-1: Swinging Strike
1-2: Ball
2-2: Foul Ball, location: 2F
2-2: Ground out 6-3 (Groundball, 6)
Bottom of the 5th over - 0 run(s), 1 hit(s), 0 error(s), 1 left on base; Northern Virginia 4 - Capital District 1
TOP OF THE 6TH
Northern Virginia Retrievers batting - Pitching for Capital District Red Knights : LHP Marcelino Freschi
Batting: RHB Gil Moore 0-0: Ground out 4-3 (Groundball, 34)
Batting: RHB Eddie O'Bryan 0-0: Ball
1-0: Ball
2-0: Foul Ball, location: 2F
2-1: Fly out, F7 (Flyball, 7M)
Batting: SHB Gustavo Fuentes 0-0: Ball
1-0: Ball
2-0: Ball
3-0: Swinging Strike
3-1: Swinging Strike
3-2: Strikes out swinging
Top of the 6th over - 0 run(s), 0 hit(s), 0 error(s), 0 left on base; Northern Virginia 4 - Capital District 1
BOTTOM OF THE 6TH
Capital District Red Knights batting - Pitching for Northern Virginia Retrievers : RHP Lou Hartling
Batting: LHB Leonardo López 0-0: Fly out, F9 (Flyball, 9S)
Batting: SHB Joreão Canosa 0-0: Foul Ball, location: 2F
0-1: Called Strike
0-2: Ball
1-2: Fly out, F8 (Popup, 4MD)
Batting: RHB Daniel Lallanilla 0-0: Swinging Strike
0-1: Foul Ball, location: 2F
0-2: Strikes out looking
Bottom of the 6th over - 0 run(s), 0 hit(s), 0 error(s), 0 left on base; Northern Virginia 4 - Capital District 1
TOP OF THE 7TH
Northern Virginia Retrievers batting - Pitching for Capital District Red Knights : LHP Marcelino Freschi
Batting: RHB Brandon Reed 0-0: Ball
1-0: Called Strike
1-1: Foul Ball, location: 2F
1-2: Strikes out swinging
Batting: RHB Luis Rodríguez 0-0: Ball
1-0: Ball
2-0: Called Strike
2-1: SINGLE (Groundball, 6) (infield hit)
Batting: RHB Bob Heller 0-0: Called Strike
0-1: Ball
1-1: Ball
2-1: Grounds into double play, 5-4-3 (Groundball, 56)
Top of the 7th over - 0 run(s), 1 hit(s), 0 error(s), 0 left on base; Northern Virginia 4 - Capital District 1
BOTTOM OF THE 7TH
Capital District Red Knights batting - Pitching for Northern Virginia Retrievers : RHP Lou Hartling
Batting: LHB Theodore Shaw 0-0: Foul Ball, location: 2F
0-1: Swinging Strike
0-2: Ball
1-2: Strikes out swinging
Batting: RHB Lane Rich 0-0: Foul Ball, location: 2F
0-1: Ball
1-1: Ball
2-1: Swinging Strike
2-2: Strikes out swinging
Batting: RHB Louis Henderson 0-0: Called Strike
0-1: Ball
1-1: Ball
2-1: Fly out, F9 (Flyball, 9M)
Bottom of the 7th over - 0 run(s), 0 hit(s), 0 error(s), 0 left on base; Northern Virginia 4 - Capital District 1
TOP OF THE 8TH
Northern Virginia Retrievers batting - Pitching for Capital District Red Knights : LHP Marcelino Freschi
Batting: SHB Ramiro Salazar 0-0: Ball
1-0: Ball
2-0: Called Strike
2-1: Ball
3-1: Swinging Strike
3-2: Base on Balls
Batting: RHB Aurelio Vázquez 0-0: Foul Ball, location: 2F
0-1: Called Strike
0-2: Foul Ball, location: 2F
0-2: Foul Ball, location: 2F
0-2: Ball
1-2: Strikes out swinging
Batting: LHB Bartolo Benítez 0-0: Ball
1-0: Swinging Strike
1-1: Swinging Strike
1-2: Ball
2-2: Strikes out swinging
Batting: RHB Gil Moore 0-0: SINGLE (Line Drive, 7LS)
Ramiro Salazar to second
Batting: RHB Eddie O'Bryan 0-0: DOUBLE (Flyball, 9M)
Ramiro Salazar scores
Gil Moore to third
Runner from 3rd tries for Home, SAFE, no throw or cutoff
Pitching: RHP Armando Martínez
Batting: SHB Gustavo Fuentes 0-0: Ball
1-0: Swinging Strike
1-1: Ball
2-1: Swinging Strike
2-2: Strikes out swinging
Top of the 8th over - 2 run(s), 2 hit(s), 0 error(s), 1 left on base; Northern Virginia 6 - Capital District 1
BOTTOM OF THE 8TH
Capital District Red Knights batting - Pitching for Northern Virginia Retrievers : RHP Lou Hartling
Batting: LHB Stan Lewis 0-0: Ball
1-0: Ball
2-0: Called Strike
2-1: Foul Ball, location: 2F
2-2: Ball
3-2: Strikes out swinging
Batting: RHB Manny Carbajal 0-0: Called Strike
0-1: Fly out, F8 (Flyball, 8LM)
Batting: RHB Tom Christensen 0-0: Ball
1-0: Called Strike
1-1: Called Strike
1-2: Foul Ball, location: 2F
1-2: Foul Ball, location: 2F
1-2: Ground out 4-3 (Groundball, 4)
Bottom of the 8th over - 0 run(s), 0 hit(s), 0 error(s), 0 left on base; Northern Virginia 6 - Capital District 1
TOP OF THE 9TH
Northern Virginia Retrievers batting - Pitching for Capital District Red Knights : RHP Armando Martínez
Pitching: RHP Richard Brown
Batting: RHB Brandon Reed 0-0: Fly out, F4 (Popup, 34D)
Batting: RHB Luis Rodríguez 0-0: Ground out 5-3 (Groundball, 5)
Batting: RHB Bob Heller 0-0: Ball
1-0: Called Strike
1-1: Foul Ball, location: 2F
1-2: Strikes out looking
Top of the 9th over - 0 run(s), 0 hit(s), 0 error(s), 0 left on base; Northern Virginia 6 - Capital District 1
BOTTOM OF THE 9TH
Capital District Red Knights batting - Pitching for Northern Virginia Retrievers : RHP Lou Hartling
Batting: LHB Leonardo López 0-0: Called Strike
0-1: Ball
1-1: Swinging Strike
1-2: Foul Ball, location: 2F
1-2: Ball
2-2: Ball
3-2: Foul Ball, location: 2F
3-2: Strikes out looking
Batting: SHB Joreão Canosa 0-0: Ball
1-0: Ball
2-0: Called Strike
2-1: Foul Ball, location: 2F
2-2: Fly out, F7 (Flyball, 78M)
Batting: RHB Daniel Lallanilla 0-0: Called Strike
0-1: Foul Ball, location: 2F
0-2: Ground out 6-3 (Groundball, 6S)
Bottom of the 9th over - 0 run(s), 0 hit(s), 0 error(s), 0 left on base; Northern Virginia 6 - Capital District 1
This league is powered by Out of the Park Baseball, the baseball management simulation game for PC, Mac and Linux
Friday, April 15th, 2016 - OOTP Baseball 16.9 Build 39